 Dungeon Crawl Stone Soup version 0.30.1 (webtiles) character file.

Game seed: 10824527067065962062

50 7w4c the Chopper (level 3, -7/22 HPs)
             Began as a Gargoyle Gladiator on July 12, 2023.
             Killed from afar by Natasha (9 damage)
             ... with a magic dart
             ... on level 2 of the Dungeon.
             The game lasted 00:03:51 (938 turns).

7w4c the Chopper (Gargoyle Gladiator)                Turns: 938, Time: 00:03:52

Health: -7/22      AC:  7    Str: 19    XL:     3   Next: 79%
Magic:  3/3        EV: 12    Int:  8    God:
Gold:   88         SH:  0    Dex: 11    Spells: 2/2 levels left

rFire   . . .        a - +0 war axe
rCold   . . .        (no shield)
rNeg    + . .        b - +0 leather armour
rPois   ∞            c - +0 helmet
rElec   +            (no cloak)
rCorr   .            (no gloves)
SInv    .            (no boots)
Will    .....        (no amulet)
Stlth   +            (no ring)
HPRegen 0.23/turn    (no ring)
MPRegen 0.08/turn

%: no passive effects
@: slowed, very slow
A: sickness immunity, AC +3, negative energy resistance 1, electricity
resistance, torment resistance 1, petrification resistance
a: no special abilities


You were on level 2 of the Dungeon.
You visited 1 branch of the dungeon, and saw 2 of its levels.

You collected 88 gold pieces.

Inventory:

Hand Weapons
 a - a +0 war axe (weapon)
Missiles
 d - 3 throwing nets (quivered)
 e - a javelin
Armour
 b - a +0 leather armour (worn)
 c - a +0 helmet (worn)
Scrolls
 f - 2 scrolls of poison {unknown}
 g - a scroll of identify {unknown}
 h - a scroll of amnesia {unknown}
 i - a scroll of fear
 j - a scroll of blinking {unknown}


   Skills:
 + Level 2.5 Fighting
 + Level 3.4 Axes
 + Level 2.0 Throwing
 + Level 0.7 Armour
 + Level 2.9 Dodging


You had 2 spell levels left.
You didn't know any spells.
Your spell library was empty.

Dungeon Overview and Level Annotations

Branches:
Dungeon (2/15)

Altars:
Nemelex Xobeh

Annotations:
D:2 Natasha


Innate Abilities, Weirdness & Mutations

You are immune to sickness and miasma.
Your stone body is resilient. (AC +3)
You are immune to poison.
You resist negative energy. (rN+)
You are resistant to electric shocks. (rElec)
You are resistant to unholy torment.
You are immune to petrification.


Message History

The adder misses you. The adder bites you but does no damage.
You miss the adder. The adder bites you.
You hit the adder.
The adder is moderately wounded.
The adder barely misses you. x2
You closely miss the frilled lizard. You closely miss the adder.
The adder barely misses you. The frilled lizard barely misses you.
The adder bites you but does no damage.
You barely miss the frilled lizard. You closely miss the adder.
The frilled lizard bites you but does no damage.
The adder bites you but does no damage.
You slash the frilled lizard!
You kill the frilled lizard!
You slash the adder!
You kill the adder!
Natasha, Servant of Life and Death comes into view.
Found 2 gold pieces.
Natasha hisses angrily.
Natasha stares at you and mumbles some strange words.
You feel yourself slow down.
You slash Natasha!
Natasha is severely wounded.
Natasha barely misses you. x2
You hit Natasha.
Natasha is severely wounded.
Natasha casts a spell at you. The magic dart hits you! Natasha claws you!
You closely miss Natasha.
Natasha is severely wounded.
Natasha claws you but does no damage.
Natasha casts a spell.
You barely miss Natasha.
Natasha is severely wounded.
Natasha claws you.
* * * LOW HITPOINT WARNING * * *
The cerulean imp hits you from afar with a +0 spear.
* * * LOW HITPOINT WARNING * * *
Natasha stares at you and mumbles some strange words.
The magic dart hits you!
You die...

....................
#.$................
###.....#.###.#.####.
.......#.# #.#.# #.
##.....#.# #.#.# #. .
#.....#.# #.#.# #.
...###.....#.###.#.#
#.
.........5.......#.#
#.
.......@.........#.#
.$.###.h#..#.###.# .
#..#..#.# # #..#..#.#
#..#..#.# ...#..#.#
##..#..#.# ...#..#.#
......


You could see Natasha and a cerulean imp (summoned).

Vanquished Creatures
  An adder (D:2)
  A dart slug (D:2)
  3 ball pythons
  A bat (D:2)
  3 endoplasms
  3 giant cockroaches
  5 goblins
  4 hobgoblins
  3 kobolds
  5 quokkas
  4 frilled lizards (D:2)
  A rat (D:2)
34 creatures vanquished.

Notes
Turn   | Place    | Note
-------+----------+-------------------------------------------
     0 | D:1      | 7w4c the Gargoyle Gladiator began the quest for the Orb.
     0 | D:1      | Reached XP level 1. HP: 12/12 MP: 1/1
   120 | D:1      | Reached XP level 2. HP: 17/17 MP: 2/2
   274 | D:1      | Reached skill level 3 in Axes
   647 | D:1      | Reached XP level 3. HP: 22/22 MP: 3/3
   803 | D:2      | Found a sparkling altar of Nemelex Xobeh.
   932 | D:2      | Noticed Natasha
   938 | D:2      | Killed from afar by Natasha

Illustrated notes

Levels and vault maps discovered:
D:1:      mainiacjoe_arrival_reflecting_pool, layout_basic, minivault_27
D:2:      kennysheep_the_goblin_king, layout_basic, basic_altar, uniq_natasha

Skill      XL: |  1  2 |
---------------+-------+-----
Axes           | 3 |  3.4
Throwing       | 2 |  2.0
Fighting       | |  2.5
Armour         | |  0.7
Dodging        | |  2.9

Action                     || total
---------------------------++-------
  Melee: War axe           ||    65
    Use: Scroll            ||     1
 Armour: Leather armour    ||    36
  Dodge: Dodged            ||    53
